[Event "V Open Semana Santa Alicante 2021"]
[Site "Alicante"]
[Date "2021.03.31"]
[Round "1.2"]
[White "Yuffa, Daniil"]
[Black "Duller Llopis, Jouke"]
[Result "1-0"]
[ECO "E06"]
[WhiteElo "2584"]
[BlackElo "1920"]
[Annotator "ChessBase"]
[PlyCount "45"]
[EventDate "2021.03.31"]
[EventType "swiss"]
[EventCountry "ESP"]
[SourceTitle "playchess.com"]
[Source "ChessBase"]
[SourceQuality "1"]
[TimeControl "5400+30"]

1. d4 d5 2. c4 e6 3. Nf3 Nf6 4. g3 Be7 5. Bg2 O-O 6. O-O b6 7. cxd5 Nxd5 8. e4 Nf6 9. Nc3 Bb7 10. Qc2 c5 11. Rd1 cxd4 12. Nxd4 Nbd7 13. e5 Nd5 14. Nxd5 exd5 15. Nf5 Nxe5 16. Bxd5 Bxd5 17. Rxd5 Nf3+ 18. Kh1 Qe8 19. Qe4 Bg5 20. Qxf3 Qe1+ 21. Kg2 Qxc1 22. Rxc1 Bxc1 23. Qc3 1-0

[Event "V Open Semana Santa Alicante 2021"]
[Site "Alicante"]
[Date "2021.03.31"]
[Round "1.3"]
[White "Selva Salvador, Antonio"]
[Black "Narciso Dublan, Marc"]
[Result "0-1"]
[ECO "A40"]
[WhiteElo "1908"]
[BlackElo "2521"]
[Annotator "ChessBase"]
[PlyCount "60"]
[EventDate "2021.03.31"]
[EventType "swiss"]
[EventCountry "ESP"]
[SourceTitle "playchess.com"]
[Source "ChessBase"]
[SourceQuality "1"]
[TimeControl "5400+30"]

1. d4 e6 2. g3 f5 3. Nc3 Bb4 4. a3 Bxc3+ 5. bxc3 Nf6 6. Bg2 O-O 7. Bg5 c5 8. e3 Qc7 9. Ne2 d6 10. Bxf6 Rxf6 11. O-O Nd7 12. Qb1 Rb8 13. a4 b6 14. Re1 Bb7 15. Qa2 Bxg2 16. Kxg2 g5 17. c4 Qb7+ 18. d5 a5 19. Rh1 Rh6 20. h4 gxh4 21. Nf4 e5 22. Ne2 Nf6 23. Rh3 Qg7 24. Rah1 Qg4 25. f3 Qg5 26. Qb3 e4 27. f4 Qg4 28. Ng1 Rg6 29. Rxh4 Qxg3+ 30. Kf1 Ng4 0-1

[Event "V Open Semana Santa Alicante 2021"]
[Site "Alicante"]
[Date "2021.03.31"]
[Round "1.4"]
[White "Del Rio De Angelis, Salvador G."]
[Black "Perez Garcia, Jose Miguel"]
[Result "1-0"]
[ECO "A57"]
[WhiteElo "2510"]
[BlackElo "1906"]
[Annotator "ChessBase"]
[PlyCount "43"]
[EventDate "2021.03.31"]
[EventType "swiss"]
[EventCountry "ESP"]
[SourceTitle "playchess.com"]
[Source "ChessBase"]
[SourceQuality "1"]
[TimeControl "5400+30"]

1. d4 Nf6 2. c4 c5 3. d5 b5 4. Nf3 g6 5. Nbd2 Bg7 6. e4 d6 7. cxb5 O-O 8. a4 a6 9. Ra3 axb5 10. Bxb5 Ba6 11. O-O Bxb5 12. axb5 Nbd7 13. Qb3 Rb8 14. Nc4 Nxe4 15. Na5 Qb6 16. Nc6 Qxb5 17. Nxb8 Rxb8 18. Qxb5 Rxb5 19. Ra8+ Nf8 20. Re1 f5 21. Ng5 Bh6 22. Ne6 1-0

[Event "V Open Semana Santa Alicante 2021"]
[Site "Alicante"]
[Date "2021.03.31"]
[Round "1.5"]
[White "Yuste Valenzuela, Alejandro"]
[Black "Cuenca Jimenez, Jose Fernando"]
[Result "0-1"]
[ECO "C54"]
[WhiteElo "1906"]
[BlackElo "2506"]
[Annotator "ChessBase"]
[PlyCount "76"]
[EventDate "2021.03.31"]
[EventType "swiss"]
[EventCountry "ESP"]
[SourceTitle "playchess.com"]
[Source "ChessBase"]
[SourceQuality "1"]
[TimeControl "5400+30"]

1. e4 e5 2. Nf3 Nc6 3. d4 exd4 4. Bc4 Bc5 5. c3 Nf6 6. e5 d5 7. Bb5 Ne4 8. cxd4 Bb6 9. O-O O-O 10. Bxc6 bxc6 11. Nc3 f6 12. Qd3 f5 13. Nd2 a5 14. Ncxe4 dxe4 15. Qc4+ Kh8 16. Qxc6 Ba6 17. d5 Bxf1 18. Nxf1 f4 19. d6 Qh4 20. g3 fxg3 21. hxg3 Bxf2+ 22. Kg2 Qg4 23. Bf4 Qf3+ 24. Kh2 cxd6 25. Nd2 Qh5+ 26. Kg2 dxe5 27. Qxe4 exf4 28. Rh1 Qf5 29. Qxf5 Rxf5 30. Kxf2 fxg3+ 31. Kxg3 Rd8 32. Ne4 Rd4 33. Rc1 h6 34. Nc5 Rd6 35. Ne4 Rg6+ 36. Kh4 Kh7 37. Rc4 Rf4+ 38. Kh3 Rgg4 0-1

[Event "V Open Semana Santa Alicante 2021"]
[Site "Alicante"]
[Date "2021.03.31"]
[Round "1.6"]
[White "Movsziszian, Karen"]
[Black "Roque Sola, Andrea"]
[Result "1-0"]
[ECO "A00"]
[WhiteElo "2471"]
[BlackElo "1894"]
[Annotator "ChessBase"]
[PlyCount "75"]
[EventDate "2021.03.31"]
[EventType "swiss"]
[EventCountry "ESP"]
[SourceTitle "playchess.com"]
[Source "ChessBase"]
[SourceQuality "1"]
[TimeControl "5400+30"]

1. g3 c5 2. Bg2 Nc6 3. d3 g6 4. f4 Bg7 5. Nf3 e6 6. O-O Nge7 7. e4 O-O 8. c3 d5 9. Qe2 b5 10. e5 Rb8 11. d4 c4 12. Be3 a5 13. Bf2 Qb6 14. Nbd2 b4 15. g4 f6 16. exf6 Rxf6 17. Bg3 Rb7 18. Rab1 Bd7 19. h4 Nc8 20. Bh3 Rf8 21. Kh2 Nd6 22. Ne5 Nxe5 23. fxe5 Nb5 24. Qe3 Be8 25. g5 Rbf7 26. Rf6 Bd7 27. Bg4 Bxf6 28. gxf6 Be8 29. Nf3 Nc7 30. Rg1 Kh8 31. Bf4 bxc3 32. bxc3 Rd7 33. Bh6 Rg8 34. Ng5 Bf7 35. Rf1 Rb8 36. Bg7+ Kg8 37. Nxh7 Be8 38. Qh6 1-0

[Event "V Open Semana Santa Alicante 2021"]
[Site "Alicante"]
[Date "2021.03.31"]
[Round "1.7"]
[White "Sanleon Pravisano, Nieves"]
[Black "Diaz Camallonga, Carles"]
[Result "0-1"]
[ECO "E11"]
[WhiteElo "1888"]
[BlackElo "2469"]
[Annotator "ChessBase"]
[PlyCount "62"]
[EventDate "2021.03.31"]
[EventType "swiss"]
[EventCountry "ESP"]
[SourceTitle "playchess.com"]
[Source "ChessBase"]
[SourceQuality "1"]
[TimeControl "5400+30"]

1. d4 e6 2. c4 Nf6 3. Nf3 Bb4+ 4. Bd2 a5 5. g3 d6 6. Bg2 Nbd7 7. O-O e5 8. a3 Bxd2 9. Nbxd2 exd4 10. Nxd4 a4 11. Bc6 h5 12. N2f3 O-O 13. Bxa4 Nc5 14. Bc2 Bh3 15. Re1 Nce4 16. Bxe4 Nxe4 17. Qc2 Qe7 18. Nh4 Rae8 19. e3 g5 20. Ng2 c5 21. Nb5 Bg4 22. Nc3 Bf3 23. Nxe4 Bxe4 24. Qe2 Qf6 25. h4 Re5 26. Qxh5 Bf3 27. hxg5 Rxg5 28. Qh4 Kg7 29. Qf4 Rh8 30. Nh4 Qxf4 31. exf4 Rxh4 0-1

[Event "V Open Semana Santa Alicante 2021"]
[Site "Alicante"]
[Date "2021.03.31"]
[Round "1.8"]
[White "Ladron De Guevara Pinto, Paolo"]
[Black "Navarro Molina, Carmelo Jose"]
[Result "1-0"]
[ECO "B90"]
[WhiteElo "2440"]
[BlackElo "1874"]
[Annotator "NA"]
[PlyCount "93"]
[EventDate "2021.03.31"]
[EventType "swiss"]
[EventCountry "ESP"]
[SourceTitle "playchess.com"]
[Source "ChessBase"]
[SourceQuality "1"]
[TimeControl "5400+30"]

1. e4 c5 2. Nf3 d6 3. d4 cxd4 4. Nxd4 Nf6 5. Nc3 a6 6. h3 e6 7. g4 d5 8. exd5 Nxd5 9. Nde2 Bb4 10. Bg2 Nc6 11. O-O Nxc3 12. Nxc3 Qxd1 13. Rxd1 Ke7 14. Na4 Rd8 15. Be3 Rxd1+ 16. Rxd1 Bd6 17. Nb6 Rb8 18. Nc4 Bc7 19. Bc5+ Ke8 20. b3 Bd7 21. Bd6 Rc8 22. a4 f6 23. f4 Na5 24. Nxa5 Bxa5 25. c4 Bc6 26. b4 Bd8 27. c5 Bxg2 28. Kxg2 Be7 29. Bxe7 Kxe7 30. Rd6 Rc6 31. Rd4 e5 32. fxe5 fxe5 33. Rd1 Ke6 34. a5 e4 35. Kf2 Ke5 36. Rd7 Rf6+ 37. Ke2 Rf3 38. Rxb7 Rxh3 39. Re7+ Kd4 40. Rd7+ Kc4 41. c6 Kxb4 42. Rd4+ Kb5 43. Rc4 Kxc4 44. c7 Kd4 45. c8=Q Rh2+ 46. Kf1 Ke3 47. Qc3+ 1-0

[Event "V Open Semana Santa Alicante 2021"]
[Site "Alicante"]
[Date "2021.03.31"]
[Round "1.9"]
[White "Oreshkin, Vladislav"]
[Black "Argandona Riveiro, Inigo"]
[Result "0-1"]
[ECO "A01"]
[WhiteElo "1859"]
[BlackElo "2435"]
[Annotator "NA"]
[PlyCount "90"]
[EventDate "2021.03.31"]
[EventType "swiss"]
[EventCountry "ESP"]
[SourceTitle "playchess.com"]
[Source "ChessBase"]
[SourceQuality "1"]
[TimeControl "5400+30"]

1. b3 e5 2. Bb2 Nc6 3. e3 Nf6 4. Bb5 Bd6 5. Na3 Na5 6. Be2 a6 7. c4 Qe7 8. Nc2 c5 9. d3 Nc6 10. Bf3 Bc7 11. Ne2 h5 12. Nc3 g5 13. Qe2 g4 14. Be4 Ba5 15. O-O-O Bxc3 16. Bxc3 Nxe4 17. dxe4 d6 18. Qd3 Rh6 19. a3 Bd7 20. f4 gxf3 21. gxf3 O-O-O 22. Rdg1 Rf6 23. Qe2 h4 24. Ne1 Rg6 25. Qf2 Rdg8 26. Kd2 Kc7 27. Rxg6 fxg6 28. Rg1 b5 29. Qe2 Kb6 30. cxb5 axb5 31. Nc2 Qf7 32. b4 Be6 33. Qf2 g5 34. f4 gxf4 35. Rxg8 fxe3+ 36. Qxe3 Qxg8 37. bxc5+ dxc5 38. a4 bxa4 39. Qf2 Qg5+ 40. Ne3 Nd4 41. Kd3 Qd8 42. Qb2+ Kc6 43. Nc2 Nb3+ 44. Ke2 Bc4+ 45. Kf2 Qf6+ 0-1

[Event "V Open Semana Santa Alicante 2021"]
[Site "Alicante"]
[Date "2021.03.31"]
[Round "1.10"]
[White "Martinez Reyes, Pedro Ramon"]
[Black "Costa Iniesta, Prudencio"]
[Result "1-0"]
[ECO "C08"]
[WhiteElo "2427"]
[BlackElo "1846"]
[Annotator "NA"]
[PlyCount "53"]
[EventDate "2021.03.31"]
[EventType "swiss"]
[EventCountry "ESP"]
[SourceTitle "playchess.com"]
[Source "ChessBase"]
[SourceQuality "1"]
[TimeControl "5400+30"]

1. e4 e6 2. d4 d5 3. Nd2 c5 4. exd5 exd5 5. Ngf3 Nf6 6. Bb5+ Bd7 7. Qe2+ Qe7 8. O-O Qxe2 9. Bxe2 Nc6 10. Re1 O-O-O 11. dxc5 Bxc5 12. Nb3 Bb6 13. Bg5 Ne4 14. Be3 Bxe3 15. fxe3 g5 16. Bd3 g4 17. Bxe4 dxe4 18. Ng5 Rhg8 19. Nxf7 Rdf8 20. Nd6+ Kb8 21. Rf1 Ne5 22. Nxe4 Nf3+ 23. gxf3 gxf3+ 24. Ng3 Bh3 25. Nd4 Bxf1 26. Rxf1 h5 27. Rxf3 1-0

[Event "V Open Semana Santa Alicante 2021"]
[Site "Alicante"]
[Date "2021.04.01"]
[Round "2.9"]
[White "Hernandez Torralba, Jose Joaquin"]
[Black "Martinez Reyes, Pedro Ramon"]
[Result "0-1"]
[ECO "D56"]
[WhiteElo "2099"]
[BlackElo "2427"]
[Annotator "RC"]
[PlyCount "134"]
[EventDate "2021.03.31"]
[EventType "swiss"]
[EventCountry "ESP"]
[SourceTitle "playchess.com"]
[Source "ChessBase"]
[SourceQuality "1"]
[TimeControl "5400+30"]

1. c4 e6 2. d4 d5 3. Nc3 Be7 4. Nf3 Nf6 5. Bg5 h6 6. Bh4 O-O 7. e3 Ne4 8. Bxe7 Qxe7 9. Rc1 c6 10. Bd3 Nxc3 11. Rxc3 Nd7 12. O-O dxc4 13. Bxc4 b6 14. Bd3 c5 15. Be4 Rb8 16. Qa4 a5 17. a3 Bb7 18. Bxb7 Rxb7 19. Qc2 Rc7 20. Rd1 Rfc8 21. d5 exd5 22. Rxd5 Nf6 23. Re5 Qd8 24. h3 Re7 25. Qf5 Rxe5 26. Nxe5 Qd1+ 27. Kh2 Rd8 28. Rd3 Rxd3 29. Nxd3 Qa4 30. Ne5 Qe8 31. Nc4 a4 32. Qf4 b5 33. Nd6 Qb8 34. Qe5 Ne4 35. Qxe4 Qxd6+ 36. f4 Qe6 37. Qf3 g6 38. h4 h5 39. e4 Qb3 40. Qe2 c4 41. e5 Qd3 42. Qe1 Qd4 43. Qg3 Qd3 44. Qg5 c3 45. bxc3 Qxc3 46. e6 fxe6 47. Qxg6+ Kf8 48. Qxe6 Qxa3 49. f5 Qe7 50. Qh6+ Qg7 51. Qd6+ Qe7 52. Qf4 Kf7 53. Qd4 a3 54. Kh3 b4 55. Qd1 Qf6 56. Qxh5+ Kf8 57. Qe2 b3 58. Qb5 a2 59. Qb4+ Kg7 60. Qg4+ Kh6 61. Qf4+ Kh7 62. Qf3 a1=Q 63. Qh5+ Kg8 64. Qe8+ Qf8 65. Qg6+ Qag7 66. Qe6+ Qgf7 67. Qe3 Qxf5+ 0-1

[Event "V Open Semana Santa Alicante 2021"]
[Site "Alicante"]
[Date "2021.04.02"]
[Round "4.2"]
[White "Narciso Dublan, Marc"]
[Black "Plaskett, H James"]
[Result "1-0"]
[ECO "B20"]
[WhiteElo "2521"]
[BlackElo "2382"]
[Annotator "ChessBase"]
[PlyCount "63"]
[EventDate "2021.03.31"]
[EventType "swiss"]
[EventCountry "ESP"]
[SourceTitle "playchess.com"]
[Source "ChessBase"]
[SourceQuality "1"]
[TimeControl "5400+30"]

1. e4 c5 2. Be2 Nc6 3. f4 e6 4. Nf3 Nf6 5. d3 d5 6. e5 Nd7 7. O-O g6 8. c3 d4 9. Nbd2 Be7 10. Ne4 f5 11. exf6 Nxf6 12. Nfg5 O-O 13. Qb3 Nxe4 14. Nxe4 Qd5 15. Bd2 Qxb3 16. axb3 Bd7 17. Rf2 Rad8 18. c4 a6 19. Bf1 h6 20. g3 Kg7 21. Bg2 e5 22. Re1 Rde8 23. h3 Bf5 24. Rfe2 Rd8 25. fxe5 Nxe5 26. Nf2 Bd6 27. Rxe5 Bxe5 28. Rxe5 Rfe8 29. Rxe8 Rxe8 30. Ne4 b6 31. b4 g5 32. Kf2 1-0

[Event "V Open Semana Santa Alicante 2021"]
[Site "Alicante"]
[Date "2021.04.02"]
[Round "4.3"]
[White "Camacho Collados, Marcos"]
[Black "Del Rio De Angelis, Salvador G."]
[Result "0-1"]
[ECO "A46"]
[WhiteElo "2400"]
[BlackElo "2510"]
[Annotator "ChessBase"]
[PlyCount "105"]
[EventDate "2021.03.31"]
[EventType "swiss"]
[EventCountry "ESP"]
[SourceTitle "playchess.com"]
[Source "ChessBase"]
[SourceQuality "1"]
[TimeControl "5400+30"]

1. d4 Nf6 2. Nf3 d6 3. Nc3 Bf5 4. Nh4 Bd7 5. e4 e5 6. Nf3 Nc6 7. d5 Ne7 8. a4 Ng6 9. h4 Be7 10. h5 Nf8 11. h6 g6 12. Be2 a6 13. Nh2 c6 14. Be3 Bc8 15. O-O N8d7 16. a5 O-O 17. Qd2 Qc7 18. f4 exf4 19. Bxf4 b5 20. axb6 Qxb6+ 21. Be3 Qc7 22. Bg5 cxd5 23. exd5 Qd8 24. Nf3 Ng4 25. Ne4 f5 26. Nd4 Ndf6 27. Nxf6+ Bxf6 28. Bxf6 Nxf6 29. Bf3 Bd7 30. Rfe1 Qb6 31. c3 Rae8 32. Rxe8 Rxe8 33. Re1 Re5 34. Kh1 Rxe1+ 35. Qxe1 Qxb2 36. Nc6 Qc2 37. Kh2 Ne4 38. Qh4 g5 39. Bxe4 Qd2 40. Qg3 fxe4 41. Qxd6 Qf4+ 42. Qxf4 gxf4 43. Ne5 Bf5 44. d6 Kf8 45. c4 a5 46. c5 a4 47. c6 a3 48. c7 Ke8 49. g4 fxg3+ 50. Kxg3 a2 51. Kf4 Bh3 52. Kg3 Bc8 53. Ng4 0-1

[Event "V Open Semana Santa Alicante 2021"]
[Site "Alicante"]
[Date "2021.04.02"]
[Round "4.4"]
[White "Cuenca Jimenez, Jose Fernando"]
[Black "Carbonell Sancho, Marc"]
[Result "1-0"]
[ECO "E70"]
[WhiteElo "2506"]
[BlackElo "2330"]
[Annotator "ChessBase"]
[PlyCount "77"]
[EventDate "2021.03.31"]
[EventType "swiss"]
[EventCountry "ESP"]
[SourceTitle "playchess.com"]
[Source "ChessBase"]
[SourceQuality "1"]
[TimeControl "5400+30"]

1. d4 Nf6 2. c4 g6 3. Nc3 Bg7 4. e4 O-O 5. Be3 c6 6. h3 d5 7. cxd5 cxd5 8. e5 Ne4 9. Bd3 Nxc3 10. bxc3 Nc6 11. Nf3 f6 12. exf6 exf6 13. O-O Be6 14. Re1 Qd7 15. Qc2 Rac8 16. Rab1 Na5 17. h4 Nc4 18. Rb3 Nd6 19. Bf4 Ne4 20. Nd2 f5 21. Nf3 b6 22. Ne5 Qe7 23. g3 Nd6 24. Qe2 Ne4 25. Qb2 Nd6 26. Qa3 Rfd8 27. Bb5 Bf7 28. Re3 Qf8 29. Ba6 Rc7 30. Bf1 Nc4 31. Nxc4 Rxc4 32. Qxa7 Rc6 33. Rxb6 Ra8 34. Qxa8 Rxb6 35. Qxf8+ Bxf8 36. a4 Rb3 37. a5 Ra3 38. a6 Kg7 39. Bb8 1-0

[Event "V Open Semana Santa Alicante 2021"]
[Site "Alicante"]
[Date "2021.04.02"]
[Round "4.5"]
[White "Lopez Varela, Pablo"]
[Black "Movsziszian, Karen"]
[Result "0-1"]
[ECO "B40"]
[WhiteElo "2209"]
[BlackElo "2471"]
[Annotator "ChessBase"]
[PlyCount "87"]
[EventDate "2021.03.31"]
[EventType "swiss"]
[EventCountry "ESP"]
[SourceTitle "playchess.com"]
[Source "ChessBase"]
[SourceQuality "1"]
[TimeControl "5400+30"]

1. e4 c5 2. Nf3 e6 3. g3 Nc6 4. Bg2 Nf6 5. d3 d6 6. O-O Be7 7. Re1 O-O 8. c3 e5 9. h3 b6 10. d4 Qc7 11. dxe5 dxe5 12. Nfd2 Be6 13. Nf1 Rfd8 14. Qe2 h6 15. Ne3 Bf8 16. Na3 a6 17. Bd2 b5 18. Red1 c4 19. Nac2 Rd7 20. Be1 Rad8 21. Rxd7 Rxd7 22. Rd1 Qd8 23. f4 Rxd1 24. Qxd1 Qxd1 25. Nxd1 g6 26. Nde3 exf4 27. gxf4 Nh5 28. f5 Bc8 29. Nd5 Ne5 30. f6 Bb7 31. Nce3 Bc5 32. Bf2 Nd3 33. Bf3 Bxd5 34. exd5 Nxf6 35. Kf1 Nxb2 36. Ng4 Nxg4 37. Bxc5 Nh2+ 38. Kg2 Nxf3 39. Kxf3 Nd3 40. Be3 h5 41. d6 Kf8 42. Ke4 Ke8 43. Kd5 Kd7 44. Kd4 0-1

[Event "V Open Semana Santa Alicante 2021"]
[Site "Alicante"]
[Date "2021.04.02"]
[Round "4.6"]
[White "Guardiola Guillot, Lucas"]
[Black "Martinez Reyes, Pedro Ramon"]
[Result "1/2-1/2"]
[ECO "A14"]
[WhiteElo "2017"]
[BlackElo "2427"]
[Annotator "ChessBase"]
[PlyCount "210"]
[EventDate "2021.03.31"]
[EventType "swiss"]
[EventCountry "ESP"]
[SourceTitle "playchess.com"]
[Source "ChessBase"]
[SourceQuality "1"]
[TimeControl "5400+30"]

1. c4 e6 2. g3 d5 3. Bg2 Nf6 4. Nf3 Be7 5. O-O O-O 6. b3 c5 7. cxd5 Nxd5 8. d4 Nc6 9. Bb2 cxd4 10. Nxd4 Bd7 11. Nxc6 Bxc6 12. e4 Nb4 13. Qg4 Bf6 14. e5 Be7 15. Rd1 Qc7 16. Nc3 Bxg2 17. Kxg2 Rfd8 18. Qe4 a6 19. a3 Nc6 20. Ne2 Qb6 21. b4 a5 22. Bc3 axb4 23. axb4 Rxa1 24. Rxa1 Qb5 25. Ra2 h6 26. f3 Bf8 27. Rb2 Rd1 28. f4 Rd3 29. Be1 Ne7 30. Bf2 Nc6 31. Be1 Rd8 32. Nc3 Qb6 33. Bf2 Qc7 34. Na4 Rd5 35. b5 Ne7 36. Rc2 Qa5 37. Bc5 Qxb5 38. Bxe7 Bxe7 39. Nc3 Qd3 40. Qxd3 Rxd3 41. Ne4 b5 42. Rc8+ Rd8 43. Rc7 Bf8 44. Rb7 b4 45. Kf2 Ra8 46. Nd6 Bxd6 47. exd6 Rd8 48. Rxb4 Rxd6 49. h4 h5 50. Rb5 g6 51. Ra5 Kg7 52. Rb5 Kf6 53. Rb7 Rd3 54. Rc7 Ra3 55. Rb7 Ra2+ 56. Kf3 Rc2 57. Ra7 Rb2 58. Rc7 Rb3+ 59. Kf2 Rb8 60. Kf3 Re8 61. Ke4 Re7 62. Rc5 Ra7 63. Rc3 Ra5 64. Rb3 Ra1 65. Rc3 Rb1 66. Ra3 Re1+ 67. Kf3 Kf5 68. Ra5+ e5 69. fxe5 Rxe5 70. Ra4 f6 71. Rf4+ Ke6 72. Ra4 Rb5 73. Re4+ Re5 74. Ra4 Rc5 75. Re4+ Kd5 76. Re8 Rc3+ 77. Kf4 Rc4+ 78. Kf3 Rg4 79. Re7 Kd6 80. Re8 Kd7 81. Ra8 Rd4 82. Rg8 Rg4 83. Ra8 Ke7 84. Ra7+ Ke6 85. Ra6+ Kf7 86. Ra7+ Kf8 87. Ra8+ Kg7 88. Ra7+ Kh6 89. Ra6 f5 90. Rb6 Kg7 91. Rb7+ Kf6 92. Rb6+ Ke5 93. Rb5+ Kd4 94. Rb4+ Ke5 95. Rb5+ Kf6 96. Rb6+ Kg7 97. Rb7+ Kh6 98. Ra7 f4 99. gxf4 Rxh4 100. Ra6 Kh7 101. Ra7+ Kg8 102. Ra8+ Kg7 103. Ra7+ Kh6 104. Ra6 Rh1 105. Kg2 Rh4 1/2-1/2

[Event "V Open Semana Santa Alicante 2021"]
[Site "Alicante"]
[Date "2021.04.02"]
[Round "4.7"]
[White "Vergara Anton, Diego"]
[Black "Aranda Marin, Cristian"]
[Result "0-1"]
[ECO "A46"]
[WhiteElo "2175"]
[BlackElo "2361"]
[Annotator "ChessBase"]
[PlyCount "106"]
[EventDate "2021.03.31"]
[EventType "swiss"]
[EventCountry "ESP"]
[SourceTitle "playchess.com"]
[Source "ChessBase"]
[SourceQuality "1"]
[TimeControl "5400+30"]

1. d4 Nf6 2. Nf3 e6 3. g3 c5 4. Bg2 cxd4 5. Nxd4 d5 6. O-O e5 7. Nf3 Nc6 8. c4 d4 9. e3 Be7 10. exd4 exd4 11. Bf4 O-O 12. Ne5 Qb6 13. Re1 Be6 14. Nd2 Rac8 15. b3 Bb4 16. Nxc6 bxc6 17. Rxe6 fxe6 18. Ne4 Nxe4 19. Bxe4 Qc5 20. Qd3 Qh5 21. a3 Bc3 22. Rb1 e5 23. Bc1 Rf6 24. f3 Rcf8 25. Kg2 a5 26. a4 Rb8 27. Bd2 Bb4 28. Bxb4 Rxb4 29. Qe2 Qf7 30. Bc2 Rb8 31. Qe4 g6 32. Rd1 Rf8 33. Rd3 Qe7 34. Bd1 Qc5 35. Bc2 Re8 36. Rd1 Ree6 37. Qe2 Kg7 38. Be4 Qb4 39. Rd3 h5 40. h4 Rf8 41. Qd1 Rb8 42. Qc1 Qe7 43. Qd2 Rb4 44. Qc1 Qf6 45. Kf2 c5 46. Qe1 Reb6 47. Rd1 g5 48. hxg5 Qxg5 49. Bc2 Rxb3 50. Bxb3 Rxb3 51. Kg2 Rb2+ 52. Kg1 h4 53. f4 exf4 0-1

[Event "V Open Semana Santa Alicante 2021"]
[Site "Alicante"]
[Date "2021.04.02"]
[Round "4.8"]
[White "Sierra Vallina, Lionel"]
[Black "Ibanez Aullana, Ramon"]
[Result "0-1"]
[ECO "B95"]
[WhiteElo "1809"]
[BlackElo "2276"]
[Annotator "ChessBase"]
[PlyCount "94"]
[EventDate "2021.03.31"]
[EventType "swiss"]
[EventCountry "ESP"]
[SourceTitle "playchess.com"]
[Source "ChessBase"]
[SourceQuality "1"]
[TimeControl "5400+30"]

1. e4 c5 2. Nf3 e6 3. d4 cxd4 4. Nxd4 Nf6 5. Nc3 d6 6. Bg5 a6 7. a4 Qc7 8. Be2 b6 9. O-O Bb7 10. Bxf6 gxf6 11. Bh5 Qe7 12. Qg4 Kd8 13. Rad1 Nd7 14. f4 Rc8 15. e5 fxe5 16. fxe5 Nxe5 17. Qg3 Kc7 18. Ndb5+ axb5 19. Nxb5+ Kb8 20. Nxd6 Qxd6 21. Rxd6 Bxd6 22. Qb3 Rhg8 23. Bf3 Nxf3+ 24. Rxf3 Bc5+ 25. Kf1 Ba6+ 26. c4 Bd4 27. Rc3 Ka7 28. a5 bxa5 29. Rc2 Rxc4 30. Rxc4 Rc8 31. Qf3 Rxc4 32. Ke1 Rc1+ 33. Kd2 Rf1 34. Qe4 Rf2+ 35. Kd1 e5 36. Qc6 Bb6 37. Qd7+ Bb7 38. b4 Rf4 39. Qb5 Rd4+ 40. Kc1 Rd5 41. Qa4 e4 42. bxa5 Rxa5 43. Qb3 e3 44. Kd1 Ra1+ 45. Ke2 Ba6+ 46. Kf3 Rf1+ 47. Kg4 e2 0-1

[Event "V Open Semana Santa Alicante 2021"]
[Site "Alicante"]
[Date "2021.04.02"]
[Round "4.9"]
[White "Gomez Anadon, Daniel"]
[Black "Donado-Mazarron Gomez, Miguel"]
[Result "0-1"]
[ECO "B51"]
[WhiteElo "2234"]
[BlackElo "2184"]
[Annotator "NA"]
[PlyCount "102"]
[EventDate "2021.03.31"]
[EventType "swiss"]
[EventCountry "ESP"]
[SourceTitle "playchess.com"]
[Source "ChessBase"]
[SourceQuality "1"]
[TimeControl "5400+30"]

1. e4 c5 2. Nf3 d6 3. Bb5+ Nd7 4. c3 Ngf6 5. Bd3 Ne5 6. Be2 Nxf3+ 7. Bxf3 e5 8. d4 Be7 9. dxe5 dxe5 10. Qxd8+ Bxd8 11. Nd2 O-O 12. Be2 a6 13. a4 b6 14. f3 Bc7 15. Nc4 Bd7 16. Bg5 Nh5 17. Be7 Rfe8 18. Bd6 Bxd6 19. Nxd6 Red8 20. Bc4 Be6 21. Bxe6 Rxd6 22. Bc4 Rad8 23. O-O Rd2 24. g3 a5 25. Rab1 Kf8 26. Bd5 f5 27. Rf2 Rxf2 28. Kxf2 Nf6 29. c4 fxe4 30. fxe4 Ke7 31. Ke2 h6 32. Rf1 Rf8 33. Rf5 Nd7 34. Rxf8 Nxf8 35. Kf3 Kf6 36. Kg4 Kg6 37. Kf3 h5 38. Ke3 Kg5 39. Kf3 Kf6 40. h4 g5 41. hxg5+ Kxg5 42. Bf7 h4 43. gxh4+ Kxh4 44. Bd5 Ng6 45. Bf7 Nf4 46. Ke3 Kg3 47. Be8 Ng2+ 48. Kd3 Kf4 49. Bh5 Nh4 50. Bd1 Nf3 51. Be2 Ng5 0-1

[Event "V Open Semana Santa Alicante 2021"]
[Site "Alicante"]
[Date "2021.04.02"]
[Round "4.10"]
[White "Vilanova Corbi, Jorge"]
[Black "Cabanas Jimenez, Manuel"]
[Result "1-0"]
[ECO "A05"]
[WhiteElo "2200"]
[BlackElo "2137"]
[Annotator "NA"]
[PlyCount "71"]
[EventDate "2021.03.31"]
[EventType "swiss"]
[EventCountry "ESP"]
[SourceTitle "playchess.com"]
[Source "ChessBase"]
[SourceQuality "1"]
[TimeControl "5400+30"]

1. Nf3 Nf6 2. c4 g6 3. Nc3 d5 4. cxd5 Nxd5 5. h4 Bg7 6. e4 Nxc3 7. dxc3 Qxd1+ 8. Kxd1 Nc6 9. h5 Bg4 10. h6 Bf6 11. Kc2 e5 12. Be3 Nd8 13. Nd2 Be6 14. g3 Be7 15. Bb5+ c6 16. Bd3 f6 17. f4 Bd6 18. Raf1 b6 19. f5 gxf5 20. exf5 Bd5 21. Rh4 Rg8 22. c4 Bf7 23. Ne4 Be7 24. g4 Nb7 25. g5 fxg5 26. Rg4 O-O-O 27. f6 Bf8 28. Rxg5 Rh8 29. Rxe5 Bg6 30. Nf2 Bd6 31. Rg5 Bxd3+ 32. Nxd3 Rhe8 33. Rf3 Bf8 34. Re5 Nd6 35. f7 Rxe5 36. Nxe5 1-0

[Event "V Open Semana Santa Alicante 2021"]
[Site "Alicante"]
[Date "2021.04.02"]
[Round "5.2"]
[White "Del Rio De Angelis, Salvador G."]
[Black "Narciso Dublan, Marc"]
[Result "1/2-1/2"]
[ECO "D68"]
[WhiteElo "2510"]
[BlackElo "2521"]
[Annotator "ChessBase"]
[PlyCount "27"]
[EventDate "2021.03.31"]
[EventType "swiss"]
[EventCountry "ESP"]
[SourceTitle "playchess.com"]
[Source "ChessBase"]
[SourceQuality "1"]
[TimeControl "5400+30"]

1. d4 Nf6 2. c4 e6 3. Nc3 d5 4. Bg5 Be7 5. e3 O-O 6. Nf3 Nbd7 7. Rc1 c6 8. Bd3 dxc4 9. Bxc4 Nd5 10. Bxe7 Qxe7 11. O-O Nxc3 12. Rxc3 e5 13. Bb3 exd4 14. exd4 1/2-1/2

[Event "V Open Semana Santa Alicante 2021"]
[Site "Alicante"]
[Date "2021.04.02"]
[Round "5.3"]
[White "Movsziszian, Karen"]
[Black "Aranda Marin, Cristian"]
[Result "1-0"]
[ECO "A08"]
[WhiteElo "2471"]
[BlackElo "2361"]
[Annotator "ChessBase"]
[PlyCount "47"]
[EventDate "2021.03.31"]
[EventType "swiss"]
[EventCountry "ESP"]
[SourceTitle "playchess.com"]
[Source "ChessBase"]
[SourceQuality "1"]
[TimeControl "5400+30"]

1. e4 c5 2. Nf3 e6 3. d3 Nc6 4. g3 d5 5. Nbd2 Nf6 6. Bg2 Be7 7. O-O O-O 8. Re1 b5 9. exd5 Nxd5 10. c3 Bb7 11. Qe2 Qd7 12. Nb3 Rfd8 13. Bg5 a6 14. Rad1 Rac8 15. c4 Nb6 16. cxb5 axb5 17. d4 c4 18. Nc5 Qc7 19. Bf4 Bd6 20. Nxe6 fxe6 21. Qxe6+ Kf8 22. Ng5 g6 23. Qf6+ Kg8 24. Bh3 1-0